 Dungeon Crawl Stone Soup version 0.21.0-22-g11d5b52 (webtiles) character file.

81 pstr the Digger (level 4, -3/36 HPs)
             Began as a Naga Earth Elementalist on Jan 18, 2018.
             Killed by divine providence
             ... invoked by an orc priest
              (13 damage)
             ... on level 3 of the Dungeon.
             The game lasted 00:05:36 (1908 turns).

pstr the Digger (Naga Earth Elementalist)           Turns: 1908, Time: 00:05:37

Health: -3/36      AC:  7    Str: 10    XL:     4   Next: 42%
Magic:  1/8        EV:  8    Int: 16    God:
Gold:   32         SH:  0    Dex: 12    Spells: 5/9 levels left

rFire    + . .     SeeInvis +   s - -1 scimitar (curse)
rCold    . . .     Gourm    .   (no shield)
rNeg     . . .     Faith    .   c - +0 robe
rPois    +         Spirit   .   (no helmet)
rElec    .         Reflect  .   (no cloak)
rCorr    .         Harm     .   (no gloves)
MR       .....                  n - +1 naga barding
Stlth    ++........             b - amulet of regeneration
HPRegen  0.52/turn              f - ring of protection from fire
MPRegen  0.11/turn              (no ring)

@: very slow
A: large, see invisible, deformed body, poison resistance, slowness 2, slow
metabolism 1, spit poison 1, AC +1
a: Spit Poison


You were on level 3 of the Dungeon.
You were hungry.

You visited 1 branch of the dungeon, and saw 3 of its levels.

You collected 32 gold pieces.

Inventory:

Hand Weapons
 l - a +0 dagger
 s - a cursed -1 scimitar (weapon)
Missiles
 h - 48 arrows
 m - 12 stones (quivered)
Armour
 c - a +0 robe (worn)
 n - a +1 naga barding (worn)
Jewellery
 b - an amulet of regeneration (around neck)
 f - a ring of protection from fire (left hand)
 g - an uncursed amulet of faith
 j - an uncursed amulet of faith
Scrolls
 k - 2 scrolls of blinking {unknown}
 o - a scroll of noise {unknown}
 r - a scroll of remove curse {unknown}
 v - 2 scrolls of teleportation {unknown}
 w - a scroll of enchant armour {unknown}
Potions
 a - a potion of heal wounds {unknown}
 i - a potion of magic {unknown}
 p - 2 potions of curing {unknown}
 t - a potion of agility {unknown}
 u - a potion of ambrosia {unknown}
Books
 e - a book of Geomancy

   Spells                             Type                      Level
   a - Sandblast                      Earth                        1
   b - Passwall                       Transmutation/Earth          2
   c - Stone Arrow                    Conjuration/Earth            3
   d - Petrify                        Transmutation/Earth          4
   e - Lee's Rapid Deconstruction     Earth                        5
Comestibles
 d - 3 rations


   Skills:
 + Level 0.3 Fighting
 + Level 1.7 Dodging
 + Level 3.3 Stealth
 + Level 3.1 Spellcasting
   Level 1.0 Transmutations
 + Level 4.0 Earth Magic


You had 5 spell levels left.
You knew the following spells:

 Your Spells              Type           Power        Failure   Level  Hunger
a - Sandblast             Erth           ###...       3%          1    None
b - Stone Arrow           Conj/Erth      #.....       24%         3    ###....


Dungeon Overview and Level Annotations

Branches:
Dungeon (3/15)

Altars:


Innate Abilities, Weirdness & Mutations

You cannot wear boots.
Your serpentine skin is tough. (AC +1)
You have supernaturally acute eyesight. (SInv)
Armour fits poorly on your strangely shaped body.
Your system is resistant to poisons. (rPois)
You cover ground very slowly.
You have a slow metabolism.
You can spit poison.


Message History

m - 12 stones The orc closely misses you.
You riposte.
You hit the orc but do no damage.
The orc is severely wounded.
The orc priest mumbles some strange prayers to Beogh against you.
Beogh smites you!
Press: ? - help, Shift-Dir - straight line, f/p - orc
Aim: an orc, wielding a club and wearing a chain mail (severely wounded)
The splash of poison hits the orc.
The orc appears unharmed.
The orc is severely wounded.
You feel slightly more hungry. The orc hits you but does no damage.
The orc priest calls down the wrath of Beogh upon you.
Beogh smites you!
* * * LOW HITPOINT WARNING * * *
The orc barely misses you.
You have got your breath back.
The orc barely misses you.
There is a stone staircase leading down here.
The orc priest calls down the wrath of Beogh upon you.
Beogh smites you!
You die...

##.# ##.##........### #... ##..#
####.....#.....#########.[.
...####....#.........##..........
.####...########.....#...........
#####.#### #.................
#........# ######............
#........# #)...........
.........############............
########....o.oo@..##............
# ###########...#........... #
#..................... #
...........##########. #
#########....)........ #
##........)... # ############. ##


You could see an orc priest and 2 orcs.

Vanquished Creatures
  A jelly (D:3)
  An adder (D:3)
  A worm (D:2)
  A leopard gecko (D:3)
  5 orcs (D:3)
  2 giant cockroaches (D:1)
  3 goblins
  5 hobgoblins
  6 kobolds
  A quokka (D:3)
  3 bats (D:1)
  2 frilled lizards (D:1)
  5 rats
36 creatures vanquished.

Notes
Turn   | Place    | Note
-------+----------+-------------------------------------------
     0 | D:1      | pstr the Naga Earth Elementalist began the quest for the Orb.
     0 | D:1      | Reached XP level 1. HP: 15/15 MP: 3/3
   306 | D:1      | Reached XP level 2. HP: 22/22 MP: 1/5
  1271 | D:2      | Reached XP level 3. HP: 28/28 MP: 2/6
  1276 | D:2      | Learned a level 3 spell: Stone Arrow
  1479 | D:2      | You fall through a shaft!
  1798 | D:3      | Reached skill level 4 in Earth Magic
  1798 | D:3      | Reached XP level 4. HP: 36/36 MP: 1/8
  1908 | D:3      | Killed from afar by an orc priest

Skill      XL: |  1  2  3 |
---------------+----------+-----
Spellcasting   | 3 |  3.1
Earth Magic    | 4 |  4.0
Fighting       | |  0.3
Dodging        | |  1.7
Stealth        | |  3.3
Transmutations | |  1.0

Action                   |  1- 3 |  4- 6 || total
-------------------------+-------+-------++-------
Melee: Unarmed           |     1 |       ||     1
       Scimitar          |     5 |       ||     5
 Cast: Sandblast         |    45 |     6 ||    51
       Stone Arrow       |     6 |     3 ||     9
 Abil: Spit Poison       |    12 |     2 ||    14
  Eat: Chunk             |     4 |       ||     4
Armor: Robe              |    24 |     3 ||    27
Dodge: Dodged            |    22 |     7 ||    29
       Rpst.: Scimitar   |       |     3 ||     3
